 Dungeon Crawl Stone Soup version 0.28-a0-1236-gb25a51b929 (webtiles) character file.

Game seed: 8193490133236281361

43 shoop the Ruffian (level 3, -8/32 HPs)
             Began as a Troll Arcane Marksman on Dec 25, 2021.
             Killed by divine providence
             ... invoked by an orc priest
              (11 damage)
             ... on level 2 of the Dungeon.
             The game lasted 00:01:38 (637 turns).

shoop the Ruffian (Troll Arcane Marksman)            Turns: 637, Time: 00:01:39

Health: -8/32      AC:  4    Str: 20    XL:     3   Next: 37%
Magic:  3/3        EV:  9    Int:  9    God:
Gold:   47         SH:  0    Dex: 10    Spells: 3/4 levels left

rFire   . . .      SeeInvis .     - Unarmed
rCold   . . .      Faith    .   (no shield)
rNeg    . . .      Spirit   .   a - +0 robe
rPois   .          Reflect  .   (helmet restricted)
rElec   .          Harm     .   (no cloak)
rCorr   .          Rampage  .   (gloves unavailable)
Will    .....                   (boots unavailable)
Stlth   +.........              (no amulet)
HPRegen 0.90/turn               (no ring)
MPRegen 0.08/turn               (no ring)

@: no status effects
A: large, unfitting armour, claws 3, regeneration 1, shaggy fur 1, tough skin 1
a: no special abilities


You were on level 2 of the Dungeon.
You visited 1 branch of the dungeon, and saw 2 of its levels.

You collected 47 gold pieces.

Inventory:

Missiles
 b - 4 large rocks (quivered)
 c - 2 throwing nets
Armour
 a - a +0 robe (worn)
Scrolls
 d - a scroll of magic mapping {unknown}
 e - a scroll of identify {unknown}
 f - a scroll of teleportation {unknown}
Potions
 g - a potion of curing {unknown}


   Skills:
 - Level 0.7 Fighting
 - Level 1.7 Throwing
 - Level 1.5 Dodging
 + Level 3.1 Unarmed Combat
 - Level 1.0 Spellcasting
 - Level 2.0 Hexes


You had 3 spell levels left.
You knew the following spells:

 Your Spells              Type           Power      Damage    Failure   Level
a - Slow                  Hex            16%        N/A       16%         1

Your spell library contained the following spells:

 Spells                   Type           Power      Damage    Failure   Level
 Inner Flame              Hex/Fire       2%         N/A       58%         3
 Portal Projectile        Hex/Tloc       4%         N/A       58%         3
 Cause Fear               Hex            2%         N/A       85%         4


Dungeon Overview and Level Annotations

Branches:
Dungeon (2/15)

Altars:


Innate Abilities, Weirdness & Mutations

You are too large for most types of armour.
You have claws for hands.
Your natural rate of healing is unusually fast.
You are covered in fur. (AC +1)
You have tough skin. (AC +1)


Message History

You are too injured to fight recklessly!
You are too injured to fight recklessly!
You are too injured to fight recklessly!
You are too injured to fight recklessly!
You are too injured to fight recklessly!
You are too injured to fight recklessly!
You are too injured to fight recklessly!
You are too injured to fight recklessly!
You scratch the orc.
You kill the orc!
You barely miss the orc. The orc barely misses you.
You claw the orc!
You kill the orc!
You scratch the orc priest but do no damage.
The orc priest hits you with a +1 morningstar of freezing.
The orc priest freezes you.
You scratch the orc priest but do no damage.
The orc priest looks satisfied for a moment.
You claw the orc priest!
The orc priest is almost dead.
The orc priest casts a cantrip, but nothing happens.
You closely miss the orc priest.
The orc priest is almost dead.
The orc priest hits you but does no damage.
You barely miss the orc priest.
The orc priest is almost dead.
You scratch the orc priest but do no damage.
The orc priest is almost dead.
The orc priest hits you with a +1 morningstar of freezing.
The orc priest freezes you.
You barely miss the orc priest.
The orc priest is almost dead.
The orc priest mumbles some strange prayers to Beogh against you.
Beogh smites you!
* * * LOW HITPOINT WARNING * * *
You barely miss the orc priest.
The orc priest is almost dead.
The orc priest calls down the wrath of Beogh upon you.
Beogh smites you!
You die...

###.### #...#
###.# #.# #.###
#...# ###.# #.#
########.#
#.#######.@oo....#
#.........########
###########


You could see an orc priest and an orc.

Vanquished Creatures
  A gnoll (D:1)
  A worm (D:1)
  3 orcs (D:2)
  A ball python (D:1)
  2 bats (D:1)
  A bat zombie (D:2)
  An endoplasm (D:1)
  A giant cockroach (D:2)
  2 goblins
  3 hobgoblins (D:2)
  3 kobolds
  A quokka (D:1)
  A ball python skeleton (D:2)
  2 frilled lizards (D:1)
  2 rats (D:1)
25 creatures vanquished.

Vanquished Creatures (others)
  A withered plant (D:2)
1 creature vanquished.

Grand Total: 26 creatures vanquished

Notes
Turn   | Place    | Note
-------+----------+-------------------------------------------
     0 | D:1      | shoop the Troll Arcane Marksman began the quest for the
                  | Orb.
     0 | D:1      | Reached XP level 1. HP: 18/18 MP: 1/1
     9 | D:1      | Noticed a centaur
    86 | D:1      | Reached skill level 1 in Unarmed Combat
   189 | D:1      | Reached skill level 2 in Unarmed Combat
   189 | D:1      | Reached XP level 2. HP: 24/26 MP: 2/2
   408 | D:1      | Reached XP level 3. HP: 18/32 MP: 3/3
   625 | D:2      | Reached skill level 3 in Unarmed Combat
   637 | D:2      | Killed from afar by an orc priest

Illustrated notes

Levels and vault maps discovered:
D:1:      evilmike_arrival_come_back, layout_loops_ring
D:2:      layout_loops_cross, serial_undead, serial_undead_b, serial_undead_b,
          serial_undead_f, serial_undead_f, serial_undead_c, serial_undead_b,
          serial_undead_b

Skill      XL: |  1  2  3 |
---------------+----------+-----
Unarmed Combat | 2 3 |  3.1
Fighting       | |  0.7
Throwing       | |  1.7
Dodging        | |  1.5
Spellcasting   | |  1.0
Hexes          | |  2.0

Action                   || total
-------------------------++-------
Melee: Unarmed           ||    88
       Punch             ||     1
 Cast: Slow              ||     1
Armor: Robe              ||    30
Dodge: Dodged            ||    34

Table legend: (Time is in decaauts)
 A = Elapsed time spent in this place.
 B = Non-inter-level travel time spent in this place.
 C = Inter-level travel time spent in this place.
 D = Time resting spent in this place.
 E = Time spent auto-exploring this place.
 F = Levels seen in this place.
 G = Mean time per level.
                   A        B        C        D        E       F      G
               +--------+--------+--------+--------+--------+-----+--------+
         Total |    637 |    587 |     50 |      9 |    384 |   2 |  318.5 |
       Dungeon |    637 |    587 |     50 |      9 |    384 |   2 |  318.5 |
               +--------+--------+--------+--------+--------+-----+--------+

Top non-repeatable levels by time:
     D:1: 409 daAuts
     D:2: 227 daAuts
